 Dungeon Crawl Stone Soup version 0.17-a0-417-gc4a8610 (webtiles) character file.

317 Pikaro the Cudgeler (level 6, -6/53 HPs)
             Began as an Ogre Fire Elementalist on Apr 3, 2015.
             Mangled by an ogre
             ... wielding a +0 giant spiked club
              (22 damage)
             ... on level 4 of the Dungeon.
             The game lasted 00:08:08 (4566 turns).

Pikaro the Cudgeler (Ogre Fire Elementalist)        Turns: 4566, Time: 00:08:08

Health: -6/53      AC:  9    Str: 14    XL:     6   Next: 45%
Magic:  6/8        EV: 10    Int: 16    God:
Gold:   125        SH:  0    Dex: 10    Spells: 1 memorised, 8 levels left

rFire  . . .     SeeInvis .     f - +0 giant spiked club
rCold  . . .     Clarity  +     a - +0 robe
rNeg   . . .     SustAb   .     (no shield)
rPois  .         Gourm    .     (helmet restricted)
rElec  .         Spirit   .     i - +1 cloak
rCorr  .         Warding  .     (gloves unavailable)
rMut   .         Stasis   .     (boots unavailable)
MR     .....                    q - amulet of clarity {Clar, !d}
Stlth  +.........               (no ring)
                                (no ring)

@: not resistant to hostile enchantments, very unstealthy
A: unfitting armour, iridescent scales 1, tough skin 1, MP-powered wands
a: no special abilities


You were on level 4 of the Dungeon.
You were not hungry.

You visited 1 branch of the dungeon, and saw 4 of its levels.

You collected 125 gold pieces.

Inventory:

Hand weapons
 f - a +0 giant spiked club (weapon)
   (You took it off an ogre on level 4 of the Dungeon)
Armour
 a - a +0 robe (worn)
 i - a +1 cloak (worn)
   (You found it on level 1 of the Dungeon)
Jewellery
 q - an amulet of clarity (around neck) {Clar, !d}
   (You found it on level 3 of the Dungeon)
Magical devices
 j - a wand of flame (10)
   (You found it on level 3 of the Dungeon)
 r - a wand of cold (8)
   (You found it on level 4 of the Dungeon)
 u - a wand of slowing (14)
   (You took it off Ijyb on level 3 of the Dungeon)
Scrolls
 c - a scroll of amnesia {unknown}
 d - 5 scrolls of remove curse {unknown}
 l - a scroll of magic mapping {unknown}
 s - a scroll of enchant armour {unknown}
 t - a scroll of enchant weapon {unknown}
 v - 4 scrolls of blinking {unknown}
 w - 2 scrolls of identify
Potions
 e - 3 potions of curing
 h - a potion of agility
 m - 2 potions of haste
 o - a potion of flight
 p - a potion of resistance
Books
 b - a book of Flames
Comestibles
 g - 2 bread rations
 k - 3 meat rations


   Skills:
 + Level 7.9 Maces & Flails
 - Level 1.7 Dodging
 - Level 1.5 Stealth
 - Level 2.4 Spellcasting
 - Level 0.6 Conjurations
 - Level 2.5 Fire Magic


You had 8 spell levels left.
You knew the following spells:

 Your Spells              Type           Power        Failure   Level  Hunger
a - Flame Tongue          Conj/Fire      #....        12%         1    #......


Dungeon Overview and Level Annotations

Branches:
Dungeon (4/15)
 Temple: D:4-7

Altars:
Cheibriados
Okawaru
Ru
Xom

Shops:
D:4 [


Innate Abilities, Weirdness & Mutations

You are too large for most types of armour.
You have tough skin (AC +1).
You are partially covered in iridescent scales (AC +4).
You expend magic power (3 MP) to strengthen your wands.


Message History

Aim: a giant mite The flame tongue hits the giant mite.
The giant mite bites you.
You take 2 damage, and have 51/53 hp.
You now have 7/8 mp.
Aim: a giant mite (severely wounded)
The flame tongue hits the giant mite.
The giant mite bites you but does no damage.
You now have 6/8 mp.
Aim: a giant mite (almost dead)
The flame tongue hits the giant mite.
You kill the giant mite!
You now have 5/8 mp.
You start resting.
Health restored: 53; MP restored: 8; Total turns waited: 24
r - a wand of cold You now have 125 gold pieces (gained 11).
A goblin comes into view. It is wielding a dagger.
The goblin shouts!
Aim: a goblin, wielding a dagger The flame tongue hits the goblin.
You kill the goblin!
No target in view!
You now have 7/8 mp.
No target in view!
You start resting.
Eating a chunk of flesh.
You continue eating. x2
MP restored: 8; Total turns waited: 8 A bat comes into view.
Drink which item? (? for menu, Esc to quit)
Okay, then.
No target in view!
No target in view!
No target in view!
There is a stone staircase leading down here.
There is a stone staircase leading up here.
You see here a stone. 3 stones; a short sword A scorpion comes into view.
Aim: a scorpion The flame tongue hits the scorpion.
The scorpion stings you.
You are poisoned.
The scorpion poisons you!
You take 1 damage, and have 52/53 hp.
You now have 7/8 mp.
Aim: a scorpion (moderately wounded)
You miscast Flame Tongue.
You are very lightly contaminated with residual magic.
Nothing appears to happen.
You feel sick. The scorpion stings you.
You take 3 damage, and have 49/53 hp.
You now have 6/8 mp.
Aim: a scorpion (moderately wounded)
The flame tongue hits the scorpion.
The scorpion appears unharmed.
You feel sick. The scorpion barely misses you.
You take 1 damage, and have 48/53 hp.
You now have 5/8 mp.
Aim: a scorpion (moderately wounded)
The flame tongue hits the scorpion.
The scorpion appears unharmed.
The scorpion stings you.
You are more poisoned.
The scorpion poisons you!
You take 3 damage, and have 45/53 hp.
You now have 4/8 mp.
You completely miss the scorpion.
You feel sick. The scorpion barely misses you. The scorpion stings you.
You take 6 damage, and have 39/53 hp.
You closely miss the scorpion.
You feel sick.
The scorpion stings you but does no damage.
You take 1 damage, and have 38/53 hp.
You sock the scorpion!
You feel sick.
The scorpion stings you but does no damage. x2
You take 2 damage, and have 36/53 hp.
You puncture the scorpion!
You kill the scorpion!
You feel sick.
You take 1 damage, and have 35/53 hp.
You feel sick.
You see here a scorpion corpse.
You take 1 damage, and have 34/53 hp.
You start resting.
You feel sick.
You feel sick. x6
Your magical contamination has completely faded away.
You take 5 damage, and have 29/53 hp.
You start resting.
You feel sick.
You feel sick. x5
You are no longer poisoned.
You take 3 damage, and have 26/53 hp.
MP restored: 8 HP below 50%!
You start resting.
You regained 6 hp, and now have 32/53 hp.
Total turns waited: 66 The ogre shouts!
Aim: an ogre, wielding a giant spiked club The flame tongue hits the ogre.
You now have 7/8 mp.
Aim: an ogre, wielding a giant spiked club (moderately wounded)
The flame tongue hits the ogre.
The ogre hits you with a giant spiked club!!
You take 17 damage, and have 16/53 hp.
MASSIVE DAMAGE!!
You now have 6/8 mp.
HP below 50%!
You hit the ogre.
The ogre hits you with a giant spiked club!!
You die...

.# .# .# ##.# #..#
#..# ####### #..#
#.....## #..#
.......## #@.#
........## #O##
.........# #.#
.........## #.#
..........# #.#
..........######.#
...............#.##
.........####.....#
........## ##.....#


You could see an ogre.

Vanquished Creatures
  An ogre (D:4)
  A scorpion (D:4)
  Ijyb (D:3)
  An orc wizard (D:3)
  3 adders
  2 giant mites
  2 worms (D:2)
  2 giant geckos
  3 oozes
  7 orcs
  3 giant cockroaches
  11 goblins
  8 hobgoblins
  5 jackals
  6 kobolds
  A ball python (D:1)
  7 bats
  3 giant newts
  4 quokkas
  4 rats
75 creatures vanquished.

Notes
Turn   | Place    | Note
--------------------------------------------------------------
     0 | D:1      | Pikaro, the Ogre Fire Elementalist, began the quest for the Orb.
     0 | D:1      | Reached XP level 1. HP: 16/16 MP: 3/3
   462 | D:1      | Reached skill level 1 in Maces & Flails
   462 | D:1      | Reached XP level 2. HP: 18/24 MP: 0/4
   811 | D:1      | Reached skill level 2 in Maces & Flails
   816 | D:1      | HP: 4/24 [giant gecko (3)]
  1227 | D:1      | Reached XP level 3. HP: 31/31 MP: 0/5
  1531 | D:2      | Found a snail-covered altar of Cheibriados.
  1626 | D:2      | Reached skill level 3 in Maces & Flails
  1946 | D:2      | Found a shimmering altar of Xom.
  2109 | D:2      | Gained mutation: You expend magic power (3 MP) to strengthen your wands. [potion of mutation]
  2109 | D:2      | Gained mutation: You are partially covered in iridescent scales (AC +4). [potion of mutation]
  2350 | D:2      | Reached skill level 4 in Maces & Flails
  2350 | D:2      | Reached XP level 4. HP: 28/39 MP: 6/6
  3238 | D:3      | Reached skill level 5 in Maces & Flails
  3475 | D:3      | Noticed Ijyb
  3484 | D:3      | Killed Ijyb
  3484 | D:3      | Reached XP level 5. HP: 45/45 MP: 4/7
  3667 | D:3      | Found an iron altar of Okawaru.
  3920 | D:4      | Reached skill level 6 in Maces & Flails
  4025 | D:4      | Found Xaodgh's Antique Armour Shoppe.
  4047 | D:4      | Found a sacrificial altar of Ru.
  4081 | D:4      | Noticed an ogre
  4083 | D:4      | Noticed an ogre
  4089 | D:4      | Killed an ogre
  4089 | D:4      | Reached skill level 7 in Maces & Flails
  4089 | D:4      | Reached XP level 6. HP: 53/53 MP: 2/8
  4268 | D:4      | Noticed a phantom
  4566 | D:4      | Mangled by an ogre

Action                   |  1- 3 |  4- 6 || total
-------------------------+-------+-------++-------
Melee: Club              |    28 |       ||    28
       Spear             |    18 |    30 ||    48
       Giant spiked club |       |     5 ||     5
       Mace              |       |     1 ||     1
 Cast: Flame Tongue      |    59 |    84 ||   143
  Use: Scroll            |     5 |     1 ||     6
       Potion            |     1 |       ||     1
  Eat: Chunk             |     3 |     6 ||     9
       Bread ration      |     1 |       ||     1

Vault maps used:
D:1:      lemuel_arrival_lava_pool
D:2:      old_standard_altar, xom_teletrap_fun, roderic_st_hans_cross,
          kennysheep_potato
D:3:      okawaru_ov_weapons_minmay, uniq_iyjb
D:4:      serial_shops, nicolae_shop_crystal, minmay_splitting_lines,
          hangedman_ru_absence, uniq_eustachio

Table legend:
 A = Turns spent in this place as a percentage of turns spent in the entire game.
 B = Non-inter-level travel turns spent in this place as a percentage of non-inter-level travel turns spent in the entire game.
 C = Inter-level travel turns spent in this place as a percentage of turns spent in this place.
 D = Turns resting spent in this place as a percentage of non-inter-level travel turns spent in this place.
 E = Turns spent auto-exploring this place as a percentage of non-inter-level travel turns spent in this place.
 F = Non-inter-level travel turns spent in this place divided by the number of levels of this place that you've seen.
                   A       B       C       D       E      F
               +-------+-------+-------+-------+-------+----------------------
         Total | 100.0 | 100.0 |   0.5 |  12.8 |   8.8 | 232.2
       Dungeon | 100.0 | 100.0 |   0.5 |  12.8 |   8.8 | 232.2
               +-------+-------+-------+-------+-------+----------------------

Table legend:
 A = Kills in this place as a percentage of kills in entire the game.
 B = Kills by you in this place as a percentage of kills by you in the entire game.
 C = Kills by friends in this place as a percentage of kills by friends in the entire game.
 D = Other kills in this place as a percentage of other kills in the entire game.
 E = Experience gained in this place as a percentage of experience gained in the entire game.
 F = Experience gained in this place divided by the number of levels of this place that you have seen.
                   A       B       C       D       E      F
               +-------+-------+-------+-------+-------+----------------------
         Total | 100.0 | 100.0 |  -nan |  -nan | 100.0 | 113.5
       Dungeon | 100.0 | 100.0 |  -nan |  -nan | 100.0 | 113.5
               +-------+-------+-------+-------+-------+----------------------
